 Dungeon Crawl Stone Soup version 0.31-a0-795-g5eb97db20b (webtiles) character file.

Game seed: 2759708808996100684

206298 Newt the Crack Shot (level 19, -1/114 HPs)
             Began as a Kobold Hunter on Sept 17, 2023.
             Was the Champion of Hepliaklqana.
             Killed by a resonance strike
             ... invoked by Zenata
              (31 damage)
             ... on level 3 of the Elven Halls on Sept 18, 2023.
             The game lasted 00:47:17 (32750 turns).

Newt the Crack Shot (Kobold Hunter)                Turns: 32750, Time: 00:47:17

Health: -1/114     AC: 31    Str:  8    XL:     19   Next: 42%
Magic:  0/32       EV: 26    Int: 14    God:    Hepliaklqana [******]
Gold:   2458       SH:  0    Dex: 28    Spells: 34/37 levels left

rFire   . . .        q - +9 orcbow (elec)
rCold   + + +        (shield currently unavailable)
rNeg    . . .        c - +8 ice dragon scales of the Grand Alphagorgon {*Slow rF- rC++ rCorr Slay+5}
rPois   +            O - +0 hat {Int+3}
rElec   +            J - +2 cloak
rCorr   +            l - +3 pair of gauntlets of War {Slay+5}
SInv    .            (no boots)
Will    ++++.        R - amulet of guardian spirit
Stlth   +++++        i - ring "Oplakk" {Drain rElec rF+ rC+ Will+++}
HPRegen 0.39/turn    K - ring of the Hare {EV+10}
MPRegen 0.23/turn

%: slow self (1%), guardian spirit
@: lethally poisoned (-1 -> -2)
A: reduced essence, small, no large weapons, nightstalker 3, iridescent scales
1, thin skeletal structure 1, poison resistance
}: 1/15 runes: gossamer
a: Renounce Religion, Recall Ancestor, Ancestor Identity, Transference, Idealise


You were on level 3 of the Elven Halls.
You worshipped Hepliaklqana.
Hepliaklqana was exalted by your worship.
You visited 6 branches of the dungeon, and saw 30 of its levels.
You also visited: Sewer, Gauntlet and Volcano.

You collected 3167 gold pieces.
You spent 709 gold pieces at shops.

Inventory:

Hand Weapons
 f - a +2 triple crossbow of freezing
 q - a +9 orcbow of electrocution (weapon)
Armour
 c - the +8 ice dragon scales of the Grand Alphagorgon (worn) {*Slow rF- rC++ rCorr Slay+5}
   (You took it off a minotaur in a Gauntlet)

   Slay+5:    It affects your accuracy & damage with ranged weapons and melee
   (+5).
   rF-:       It makes you vulnerable to fire.
   rC++:      It greatly protects you from cold.
   rCorr:     It protects you from acid and corrosion.
   *Slow:     It may slow you when you take damage.
 l - the +3 pair of gauntlets of War (worn) {Slay+5}
   (You found it in a Gauntlet)

   Slay+5:    It affects your accuracy & damage with ranged weapons and melee
   (+5).
 J - a +2 cloak (worn)
 O - a +0 hat of intelligence (worn)
Jewellery
 i - the ring "Oplakk" (left hand) {Drain rElec rF+ rC+ Will+++}
   (You found it in a Gauntlet)

   [ring of protection from cold]

   rF+:       It protects you from fire.
   rC+:       It protects you from cold.
   rElec:     It insulates you from electricity.
   Will+++:   It greatly increases your willpower.
   Drain:     It drains your maximum health when unequipped.
 j - a ring of resist corrosion
 m - a ring of protection from cold
 w - the ring of Dafib {Fly rF- Will+++ Dex+5}
   (You found it on level 5 of the Lair of Beasts)

   [ring of flight]

   Dex+5:     It affects your dexterity (+5).
   rF-:       It makes you vulnerable to fire.
   Will+++:   It greatly increases your willpower.
   Fly:       It grants you flight.
 y - the ring "Peheh" {rF+ MP+9}
   (You found it on level 2 of the Lair of Beasts)

   [ring of magical power]

   rF+:       It protects you from fire.
   MP+9:      It affects your magic capacity (+9).
 E - a ring of protection from cold
 K - the ring of the Hare (right hand) {EV+10}
   (You found it on level 5 of the Lair of Beasts)

   [ring of evasion]

   EV+10:     It affects your evasion (+10).
 L - a ring of see invisible
 Q - a ring of protection from fire
 R - an amulet of guardian spirit (around neck)
 W - a ring of flight
Wands
 k - a wand of digging (7)
 D - a wand of roots (25)
 F - a wand of flame (43)
 M - a wand of light (15)
 T - a wand of polymorph (18)
 X - a wand of paralysis (15)
 Z - a wand of mindburst (7)
Scrolls
 d - 5 scrolls of revelation
 e - 4 scrolls of summoning
 g - 11 scrolls of identify
 s - a scroll of blinking
 x - 3 scrolls of torment
 A - 3 scrolls of fear
 H - 9 scrolls of teleportation
 I - 5 scrolls of enchant armour
 N - 2 scrolls of vulnerability
 P - a scroll of brand weapon
 S - 4 scrolls of poison
 V - a scroll of silence
 Y - a scroll of immolation
Potions
 n - a potion of might
 o - 7 potions of lignification
 p - 3 potions of enlightenment
 r - 5 potions of ambrosia
 t - 4 potions of resistance
 u - 11 potions of curing
 v - 3 potions of brilliance
 z - 2 potions of invisibility
 C - 2 potions of magic
 G - 2 potions of cancellation
Miscellaneous
 a - a tin of tremorstones (2/2)
 b - a phantom mirror
 h - a lightning rod (4/4)
 U - a sack of spiders


   Skills:
 - Level 16.7 Fighting
 - Level 24.0 Ranged Weapons
 - Level 11.3 Armour
 - Level 10.0 Dodging
 - Level 9.0 Stealth
 + Level 9.6 Spellcasting
 - Level 6.2 Air Magic
 - Level 9.0 Invocations
 - Level 12.0 Evocations


You had 34 spell levels left.
You knew the following spells:

 Your Spells              Type           Power      Damage    Failure   Level
a - Swiftness             Air            24%        N/A       22%         3

Your spell library contained the following spells:

 Spells                   Type           Power      Damage    Failure   Level
 Shock                    Conj/Air       60%        1d6       26%         1
 Static Discharge         Conj/Air       30%        2-4/arc   36%         2
 Airstrike                Air            12%        2d(2-18)  56%         4
 Magic Dart               Conj           24%        1d4       67%         1
 Necrotise                Necr           24%        1d5       67%         1
 Summon Small Mammal      Summ           24%        N/A       67%         1
 Blink                    Tloc           12%        N/A       80%         2
 Ensorcelled Hibernation  Hex/Ice        12%        N/A       80%         2
 Lesser Beckoning         Tloc           12%        N/A       80%         2
 Momentum Strike          Conj/Tloc      12%        3d8       80%         2
 Passwall                 Tmut/Erth      5%         N/A       80%         2
 Searing Ray              Conj           12%        2d4       80%         2
 Summon Lightning Spire   Summ/Air       15%        N/A       94%         4
 Call Canine Familiar     Summ           6%         N/A       95%         3
 Dazzling Flash           Conj/Hex       12%        N/A       95%         3
 Frozen Ramparts          Ice            12%        1d2       95%         3
 Hailstorm                Conj/Ice       6%         3d4       95%         3
 Ignite Poison            Fire/Tmut/Pois 6%         N/A       95%         3
 Ozocubu's Armour         Ice            6%         N/A       95%         3
 Summon Guardian Golem    Hex/Summ       6%         N/A       95%         3
 Tukima's Dance           Hex            6%         N/A       95%         3
 Vampiric Draining        Necr           6%         2d6       95%         3
 Volatile Blastmotes      Fire/Tloc      12%        2d11      95%         3
 Anguish                  Hex/Necr       3%         N/A       100%        4
 Animate Armour           Summ/Erth      12%        N/A       100%        4
 Cause Fear               Hex            3%         N/A       100%        4
 Fulminant Prism          Conj/Hex       3%         3d5       100%        4
 Iskenderun's Mystic Bla  Conj/Tloc      6%         2d4       100%        4
 Leda's Liquefaction      Hex/Erth       3%         N/A       100%        4
 Passage of Golubria      Tloc           6%         N/A       100%        4
 Petrify                  Tmut/Erth      6%         N/A       100%        4
 Summon Ice Beast         Ice/Summ       6%         N/A       100%        4
 Agony                    Necr           6%         N/A       100%        5
 Lee's Rapid Deconstruct  Erth           3%         3d5*      100%        5
 Metabolic Englaciation   Hex/Ice        3%         N/A       100%        5
 Silence                  Hex/Air        7%         N/A       100%        5
 Eringya's Noxious Bog    Tmut/Pois      3%         4d6       100%        6
 Leda's Unmaking          Conj/Erth      3%         9d1       100%        6
 Starburst                Conj/Fire      3%         6d3       100%        6
 Enfeeble                 Hex            3%         N/A       100%        7
 Ozocubu's Refrigeration  Ice            3%         4d8       100%        7
 Lehudib's Crystal Spear  Conj/Erth      3%         10d2      100%        8
 Maxwell's Capacitive Co  Air            12%        ∞         100%        8


Dungeon Overview and Level Annotations

Branches:
Dungeon (15/15)            Temple (1/1) D:4            Lair (5/5) D:8
 Shoals (0/4) Lair:2       Spider (4/4) Lair:3        Slime (0/5) Lair:4
    Orc (2/2) D:10            Elf (3/3) Orc:2        Vaults (0/5) D:13
 Depths (0/4) D:15          Sewer (visited)         Volcano (visited)
Gauntlet (visited)

Altars:
Ashenzari
Cheibriados
Dithmenos
Elyvilon
Fedhas
Gozag
Hepliaklqana
Kikubaaqudgha
Makhleb
Nemelex Xobeh
Okawaru
Qazlal
Ru
Sif Muna
Trog
Uskayaw
Vehumet
Wu Jian
Xom
Yredelemnul
Zin
The Shining One
Jiyva

Shops:
D:15 *   Orc:2 [?=*   Elf:1 (([[

Annotations:
Elf:1 Jorgrun
Elf:3 Zenata


Innate Abilities, Weirdness & Mutations

Your life essence is reduced to manifest your ancestor. (-10% HP)
You are small and have problems with some larger weapons.
You are completely attuned to the shadows.
You are partially covered in iridescent scales. (AC +2)
You have a somewhat thin skeletal structure. (Dex +2, Stealth+)
Your system is resistant to poisons. (rPois)


Message History

* * * LOW HITPOINT WARNING * * *
Strange mechanisms whir as Zenata focuses on you.
Zenata casts a spell at you.
A blast of power from the earth and the +6 mace of holy wrath strikes you!
* * * LOW HITPOINT WARNING * * *
Unknown command.
You feel much better.
You feel sick. The +6 mace of holy wrath hits you. x2
Zenata hits Gnaeus with a +3 eveningstar!
Unknown command.
Select a target.
Press: ? - help, Dir - move target, f - you, p - Zenata The floor.
You swap with Gnaeus!
The +6 mace of holy wrath is drained by nostalgia.
You feel sick. The +0 flail of protection misses you.
The +4 war axe of venom hits you.
* * * LOW HITPOINT WARNING * * *
The +0 short sword of freezing hits you but does no damage.
The +1 glaive of venom hits you but does no damage.
The +0 flail of protection hits you but does no damage.
The +4 war axe of venom completely misses you.
Gnaeus hits the +6 mace of holy wrath with a +0 broad axe of flaming!
A deep elf archer comes into view. It is wielding a +0 dagger.
Zenata shouts, "I'll hammer you into slag!"
Zenata completely misses you.
The +0 short sword of freezing hits you but does no damage.
The +1 glaive of venom closely misses you.
Unknown command.
Blink to where?
Press: ? - help, Dir - move target
As you read the scroll of blinking, it crumbles to dust.
You feel sick.
The +6 mace of holy wrath hits Gnaeus but does no damage.
Gnaeus blocks the +6 mace of holy wrath's attack.
The +6 mace of holy wrath closely misses Gnaeus.
Gnaeus hits the +6 mace of holy wrath with a +0 broad axe of flaming.
Zenata points at you and mumbles some strange words.
A blast of power from the earth strikes you!
You die...
Zenata says, "Just more dross for the fire."

#######
#.<....
#.##### #.#
.[ #@# #.
... #R##.#
..e###(#.#
#....(((##
###(a(..#
#.......#
............
##..........
#..........


You could see the friendly Gnaeus the knight (fast, reflecting), Zenata and 5
dancing weapons.

Vanquished Creatures
  Rupert (D:15)
  A deep elf blademaster (Elf:2)
  5 emperor scorpions
  Louise (D:14)
  5 ghost moths
  A stone giant (D:15)
  A broodmother (Spider:4)
  An ironbound thunderhulk (D:13)
  A deep elf demonologist (Elf:1)
  The ghost of lotum the Destroyer, a journeyman DsHW of Sif Muna (Lair:3)
  A minotaur (Gauntlet)
  A spark wasp (Spider:4)
  The ghost of bahustanut the Cleaver, a journeyman FoFi of Okawaru (Lair:2)
  Snorg (Lair:5)
  An ettin (Orc:2)
  An entropy weaver (Spider:2)
  4 ogre magi (Orc:2)
  3 hydras
  Erolcha (D:10)
  7 jorogumos
  2 vault guards (D:13)
  5 centaur warriors
  A catoblepas (Lair:5)
  3 radroaches
  8 demonic crawlers
  A deep troll shaman (Lair:5)
  12 death yaks
  9 two-headed ogres
  6 boulder beetles
  14 dancing weapons
  A hell knight (D:15)
  An orc high priest (Orc:2)
  A shock serpent (shapeshifter) (Elf:1)
  14 deep elf knights
  A fire crab (Volcano)
  6 skeletal warriors (D:15)
  3 skysharks
  2 deep trolls (D:15)
  3 pharaoh ants
  A sun moth (Spider:3)
  4 deep elf archers
  4 orb spiders
  2 wizards (D:13)
  2 orc knights (D:13)
  2 lindwurms
  15 deep elf pyromancers
  6 steelbarb worms
  14 deep elf zephyrmancers
  16 wolf spiders
  10 ugly things
  An orc sorcerer (D:11)
  2 necromancers (D:15)
  4 cyclopes
  7 elephants (Lair:5)
  3 manticores
  2 moths of wrath (Spider:4)
  3 black mambas (Lair:5)
  A guardian serpent (Elf:2)
  4 torpor snails
  3 gargoyles
  2 efreet
  A kobold demonologist (D:12)
  9 cane toads
  A yaktaur (D:15)
  2 rime drakes
  6 komodo dragons
  A freezing wraith (D:14)
  A meliai (shapeshifter) (D:14)
  10 meliai
  A wind drake (Lair:2)
  2 polar bears
  A queen bee (shapeshifter) (D:15)
  2 trolls
  2 hornets (Spider:1)
  4 blink frogs (Lair:2)
  12 tarantellas
  A wolf spider simulacrum (D:14)
  22 jumping spiders
  7 slime creatures
  3 air elementals
  18 culicivoras
  A shadow (D:12)
  3 basilisks
  4 wyverns
  3 water elementals
  A vampire (D:14)
  2 wraiths
  41 yaks
  7 fire elementals
  2 humans (D:13)
  3 small abominations (Gauntlet)
  20 redbacks
  4 steam dragons
  15 vampire mosquitoes
  4 wargs
  An acid dragon (D:7)
  6 hell hounds
  10 water moccasins
  2 ice beasts
  12 orc warriors
  2 sky beasts
  21 ogres
  2 black bears
  19 wolves
  13 centaurs
  A phantom (D:5)
  6 kobold brigands
  2 earth elementals (Elf:1)
  9 bullfrogs
  6 scorpions
  5 gnoll sergeants
  14 killer bees
  6 howler monkeys
  3 electric eels
  4 hounds
  11 jellies
  7 orc priests
  A sleepcap (D:6)
  3 hell rats
  8 iguanas
  19 orc wizards
  Natasha (twice) (D:4)
  21 gnolls
  11 adders
  7 river rats
  2 ufetubi
  3 worms
  2 dart slugs
  44 orcs
  4 bats
  11 endoplasms
  7 giant cockroaches
  11 goblins
  9 hobgoblins
  6 jackals
  5 quokkas
  2 ball pythons
  A frilled lizard (D:1)
  21 kobolds
  11 rats
829 creatures vanquished.

Vanquished Creatures (collateral kills)
  2 broodmothers
  A deep elf annihilator (Elf:2)
  A deep elf death mage (Elf:2)
  A hydra (D:15)
  A radroach (Spider:4)
  3 jorogumos
  5 two-headed ogres
  7 dancing weapons (Elf:2)
  A centaur warrior (D:15)
  2 boulder beetles
  A tengu warrior (D:14)
  3 demonic crawlers
  2 deep elf knights (Elf:2)
  2 skysharks
  A wizard (D:14)
  An orb spider (Spider:3)
  A deep elf archer (Elf:2)
  An orc knight (D:11)
  4 steelbarb worms
  4 wolf spiders
  A deep elf pyromancer (Elf:2)
  A deep elf zephyrmancer (Elf:1)
  An ugly thing (D:14)
  A manticore (D:12)
  2 black mambas (Lair:1)
  An elephant (Lair:5)
  2 torpor snails
  A gargoyle (D:12)
  2 cane toads
  An unseen horror (D:12)
  2 trolls
  A meliai (Spider:3)
  3 tarantellas
  A blink frog (Lair:2)
  3 jumping spiders
  A slime creature (Lair:3)
  6 culicivoras
  2 water elementals (D:15)
  A shadow (D:11)
  11 yaks
  5 redbacks
  A vampire mosquito (D:13)
  A warg (Orc:2)
  3 water moccasins
  An orc warrior (Orc:2)
  6 ogres (Orc:2)
  4 wolves
  2 centaurs (D:15)
  2 kobold brigands
  A jelly (Lair:3)
  A hound (D:6)
  2 orc wizards
  8 orcs
  4 kobolds
129 creatures vanquished.

Vanquished Creatures (others)
  21 knights
  An ancestor (D:6)
22 creatures vanquished.

Grand Total: 980 creatures vanquished

Notes
Turn   | Place    | Note
-------+----------+-------------------------------------------
     0 | D:1      | Newt the Kobold Hunter began the quest for the Orb.
     0 | D:1      | Reached XP level 1. HP: 12/12 MP: 1/1
   133 | D:1      | Upgraded the game from 0.31-a0-774-g0d66cbabe8 to
                  | 0.31-a0-795-g5eb97db20b
   150 | D:1      | Reached XP level 2. HP: 18/18 MP: 2/2
   307 | D:1      | Reached XP level 3. HP: 24/24 MP: 3/3
  1194 | D:2      | Reached XP level 4. HP: 26/30 MP: 4/4
  1230 | D:2      | Reached skill level 5 in Fighting
  1606 | D:2      | Reached XP level 5. HP: 35/35 MP: 5/5
  1846 | D:3      | Reached skill level 6 in Ranged Weapons
  1982 | D:3      | Found a blossoming altar of Fedhas.
  2334 | D:4      | Identified a scroll of acquirement
  2336 | D:4      | Acquired a +4 orcbow of electrocution
  2369 | D:4      | Reached skill level 7 in Ranged Weapons
  2369 | D:4      | Reached XP level 6. HP: 29/40 MP: 6/6
  2384 | D:4      | Found a staircase to the Ecumenical Temple.
  2390 | Temple   | Entered the Ecumenical Temple
  2412 | Temple   | Became a worshipper of Hepliaklqana the Forgotten
  2453 | D:4      | Reached skill level 8 in Ranged Weapons
  2479 | D:4      | Found a glowing drain.
  2505 | Sewer    | Entered a sewer
  2594 | Sewer    | Reached XP level 7. HP: 18/41 MP: 7/7
  2761 | D:4      | Reached skill level 9 in Ranged Weapons
  2787 | D:4      | Found a bloodstained altar of Trog.
  2821 | D:4      | Noticed Natasha
  2823 | D:4      | Killed Natasha
  2993 | D:4      | Reached skill level 10 in Ranged Weapons
  3168 | D:4      | Noticed Natasha
  3169 | D:4      | Killed Natasha
  3170 | D:4      | Reached XP level 8. HP: 49/49 MP: 8/8
  3320 | D:5      | Entered Level 5 of the Dungeon
  3358 | D:5      | Reached skill level 5 in Dodging
  3591 | D:5      | Reached * piety under Hepliaklqana
  3635 | D:5      | Found a shimmering blue altar of Sif Muna.
  3727 | D:5      | Reached XP level 9. HP: 40/53 MP: 9/9
  4159 | D:6      | Reached skill level 11 in Ranged Weapons
  4387 | D:6      | Reached skill level 12 in Ranged Weapons
  4414 | D:6      | HP: 2/53 [steam dragon/ball of steam (17)]
  4668 | D:6      | Found a burning altar of Makhleb.
  4728 | D:6      | Reached skill level 13 in Ranged Weapons
  5398 | D:7      | Reached skill level 14 in Ranged Weapons
  5442 | D:7      | Reached XP level 10. HP: 57/57 MP: 10/10
  5566 | D:7      | Reached ** piety under Hepliaklqana
  5567 | D:7      | Remembered your ancestor Gnaeus as a knight
  5877 | D:7      | Reached skill level 15 in Ranged Weapons
  5877 | D:7      | Reached skill level 1 in Evocations
  5931 | D:7      | Found a shadowy altar of Dithmenos.
  5947 | D:7      | Found an iron altar of Okawaru.
  6110 | D:8      | Noticed a death yak
  6112 | D:8      | Noticed a death yak
  6117 | D:8      | Killed a death yak
  6118 | D:8      | Reached skill level 5 in Evocations
  6128 | D:8      | Noticed a death yak
  6136 | D:8      | Killed a death yak
  6142 | D:8      | Killed a death yak
  6143 | D:8      | Reached XP level 11. HP: 44/63 MP: 11/11
  6314 | D:8      | Found a staircase to the Lair.
  6319 | D:8      | Got a moldy book
  7566 | D:9      | Reached skill level 10 in Fighting
  7585 | D:9      | Reached skill level 1 in Armour
  7823 | D:9      | Reached *** piety under Hepliaklqana
  7904 | D:9      | Found a white marble altar of Elyvilon.
  8542 | D:9      | Found a shimmering altar of Xom.
  8667 | D:10     | Entered Level 10 of the Dungeon
  9007 | D:10     | Reached skill level 5 in Armour
  9010 | D:10     | Reached skill level 1 in Invocations
  9033 | D:10     | Found a staircase to the Orcish Mines.
  9224 | D:10     | Found a sacrificial altar of Ru.
  9272 | D:10     | Noticed a two-headed ogre
  9275 | D:10     | Killed a two-headed ogre
  9276 | D:10     | Reached skill level 5 in Invocations
  9544 | D:10     | Noticed Erolcha
  9547 | D:10     | Killed Erolcha
  9548 | D:10     | Reached XP level 12. HP: 69/69 MP: 15/17
  9726 | D:10     | Reached **** piety under Hepliaklqana
 10150 | D:11     | Noticed a sun demon
 10154 | D:11     | Reached skill level 1 in Spellcasting
 10154 | D:11     | Reached skill level 1 in Air Magic
 10175 | D:11     | Learned a level 3 spell: Swiftness
 10652 | D:11     | Gained mutation: You are partially covered in iridescent
                  | scales. (AC +2) [potion of mutation]
 10652 | D:11     | Gained mutation: Your system is resistant to poisons.
                  | (rPois) [potion of mutation]
 10652 | D:11     | Gained mutation: You have a somewhat thin skeletal
                  | structure. (Dex +2, Stealth+) [potion of mutation]
 11200 | D:12     | Noticed a boulder beetle
 11215 | D:12     | Killed a boulder beetle
 11339 | D:12     | Reached ***** piety under Hepliaklqana
 11587 | D:12     | Noticed a boulder beetle
 11604 | D:12     | Killed a boulder beetle
 11605 | D:12     | Reached skill level 5 in Spellcasting
 11605 | D:12     | Reached skill level 5 in Air Magic
 11648 | D:12     | Noticed a boulder beetle
 11657 | D:12     | Killed a boulder beetle
 11658 | D:12     | Reached XP level 13. HP: 73/73 MP: 19/21
 12110 | D:13     | Noticed an eight-headed hydra
 12117 | D:13     | Killed an eight-headed hydra
 12228 | D:13     | Reached skill level 16 in Ranged Weapons
 12391 | D:13     | Noticed a centaur warrior
 12393 | D:13     | Noticed a centaur warrior
 12400 | D:13     | Killed a centaur warrior
 12401 | D:13     | Reached skill level 17 in Ranged Weapons
 12402 | D:13     | Killed a centaur warrior
 12564 | D:13     | Noticed a vault guard
 12571 | D:13     | Killed a vault guard
 12572 | D:13     | Reached skill level 18 in Ranged Weapons
 12586 | D:13     | Noticed a vault guard
 12597 | D:13     | Killed a vault guard
 12598 | D:13     | Noticed an ironbound thunderhulk
 12607 | D:13     | Killed an ironbound thunderhulk
 12758 | D:13     | Found a gate to the Vaults.
 13018 | D:13     | Noticed a centaur warrior
 13022 | D:13     | Killed a centaur warrior
 13023 | D:13     | Reached skill level 19 in Ranged Weapons
 13028 | D:13     | Reached XP level 14. HP: 79/79 MP: 23/23
 13321 | D:13     | Got a shiny book
 13504 | D:13     | Reached skill level 20 in Ranged Weapons
 14078 | D:14     | Noticed Louise
 14087 | D:14     | Killed Louise
 14397 | D:15     | Entered Level 15 of the Dungeon
 14451 | D:15     | Reached skill level 10 in Dodging
 14779 | D:15     | Noticed Rupert
 14793 | D:15     | Killed Rupert
 14794 | D:15     | Reached skill level 10 in Evocations
 14833 | D:15     | Reached XP level 15. HP: 82/82 MP: 22/24
 15086 | D:15     | Noticed a stone giant
 15098 | D:15     | Killed a stone giant
 15205 | D:15     | Found a staircase to the Depths.
 15220 | D:15     | Found Zin's Purification Station.
 15222 | D:15     | Found a glowing silver altar of Zin.
 15848 | Lair:1   | Entered Level 1 of the Lair of Beasts
 16322 | Lair:1   | Acquired a +2 triple crossbow of freezing
 16448 | Lair:1   | Reached ****** piety under Hepliaklqana
 16582 | Lair:1   | Found the +8 whip "Snakebite" {venom, curare, rPois}
 16795 | Lair:2   | Found a gate leading to a gauntlet.
 16804 | Gauntlet | Entered a Gauntlet
 16804 | Gauntlet | Found a transporter.
 16837 | Gauntlet | Found a transporter.
 16845 | Gauntlet | Found a transporter.
 16851 | Gauntlet | Found a transporter.
 16857 | Gauntlet | Noticed a quicksilver ooze
 16873 | Gauntlet | Found a transporter.
 16882 | Gauntlet | Found a transporter.
 16887 | Gauntlet | Noticed a balrug
 16896 | Gauntlet | Found the +3 pair of gauntlets of War {Slay+5}
 16897 | Gauntlet | Found a transporter.
 16924 | Gauntlet | Found a transporter.
 16936 | Gauntlet | Found a transporter.
 16948 | Gauntlet | Found a transporter.
 16971 | Gauntlet | Found a transporter.
 16983 | Gauntlet | Found a transporter.
 16992 | Gauntlet | Found a transporter.
 17015 | Gauntlet | Found a transporter.
 17151 | Gauntlet | Found a transporter.
 17247 | Gauntlet | Found a transporter.
 17259 | Gauntlet | Found a transporter.
 17379 | Gauntlet | Identified the ring "Oplakk" {Drain rElec rF+ rC+ Will+++}
 17412 | Gauntlet | Identified the +8 ice dragon scales of the Grand
                  | Alphagorgon {*Slow rF- rC++ rCorr Slay+5}
 17449 | Gauntlet | Identified the ring "Mitezerph" {Fire *Corrode Dex+7}
 17453 | Gauntlet | Got a sooty book
 17618 | Gauntlet | Got a droning book
 18084 | Lair:2   | Found a staircase to the Shoals.
 18171 | Lair:2   | Identified the ring "Peheh" {rF+ MP+9}
 18299 | Lair:2   | Found a runed translucent door.
 18300 | Lair:2   | Noticed bahustanut's ghost (journeyman FoFi)
 18590 | Lair:2   | Killed bahustanut's ghost
 19007 | Lair:3   | Found a runed translucent gate.
 19007 | Lair:3   | Found a runed translucent gate.
 19007 | Lair:3   | Found a runed translucent gate.
 19010 | Lair:3   | Noticed lotum's ghost (journeyman DsHW)
 19344 | Lair:3   | Found a hole to the Spider Nest.
 19647 | Lair:3   | Reached XP level 16. HP: 91/93 MP: 25/25
 19650 | Lair:3   | Killed lotum's ghost
 19656 | Lair:3   | Found a viscous altar of Jiyva.
 20044 | Lair:4   | Found a staircase to the Slime Pits.
 20543 | Lair:5   | Entered Level 5 of the Lair of Beasts
 20708 | Lair:5   | Noticed Snorg
 20717 | Lair:5   | Killed Snorg
 20762 | Lair:5   | Found the ring of the Hare {EV+10}
 21800 | Lair:5   | Reached skill level 10 in Armour
 21802 | Lair:5   | Identified the ring of Dafib {Fly rF- Will+++ Dex+5}
 22077 | Orc:1    | Entered Level 1 of the Orcish Mines
 22290 | Orc:2    | Entered Level 2 of the Orcish Mines
 22350 | Orc:2    | Found a dark tunnel.
 22359 | Volcano  | Entered a volcano
 22680 | Orc:2    | Found a staircase to the Elven Halls.
 23505 | Orc:2    | Found Miplelocs's Armour Emporium.
 23505 | Orc:2    | Found Ciberul's Magic Scroll Shop.
 23506 | Orc:2    | Found Pargha Toic's Jewellery Shop.
 23506 | Orc:2    | Found Vazis Hea's Assorted Antiques.
 23515 | Orc:2    | Bought a ring of see invisible for 165 gold pieces
 23516 | Orc:2    | Bought a scroll of teleportation for 78 gold pieces
 23516 | Orc:2    | Bought a scroll of identify for 52 gold pieces
 23516 | Orc:2    | Bought 2 metallic silvery potions for 46 gold pieces
 23535 | Orc:2    | Bought a scroll of enchant armour for 120 gold pieces
 23535 | Orc:2    | Bought a scroll of teleportation for 48 gold pieces
 23535 | Orc:2    | Bought a scroll of summoning for 152 gold pieces
 23535 | Orc:2    | Bought a scroll of teleportation for 48 gold pieces
 23542 | Orc:2    | Reached XP level 17. HP: 98/98 MP: 26/26
 23553 | Orc:2    | Reached skill level 5 in Stealth
 23942 | Spider:1 | Entered Level 1 of the Spider Nest
 25468 | Spider:2 | Reached skill level 21 in Ranged Weapons
 26066 | Spider:2 | Found the +9 sword of Zonguldrok {reap}
 26121 | Spider:2 | Reached skill level 22 in Ranged Weapons
 26927 | Spider:3 | Identified the +9 long sword of Impermanence {antimagic,
                  | rPois}
 26957 | Spider:3 | Reached XP level 18. HP: 102/102 MP: 27/27
 26994 | Spider:3 | Reached skill level 23 in Ranged Weapons
 27785 | Spider:4 | Entered Level 4 of the Spider Nest
 28376 | Spider:4 | Reached skill level 24 in Ranged Weapons
 28691 | Spider:4 | Got a gossamer rune of Zot
 30080 | Elf:1    | Entered Level 1 of the Elven Halls
 30086 | Elf:1    | Reached skill level 15 in Fighting
 30823 | Elf:1    | Found Attypyz's Antique Weapon Boutique.
 30860 | Elf:1    | Found Masuaxu's Antique Armour Shoppe.
 30931 | Elf:1    | Found Yray's Antique Armour Shop.
 31133 | Elf:1    | Found Poshraj's Antique Weapon Emporium.
 31133 | Elf:1    | Noticed Jorgrun
 31265 | Elf:2    | Reached XP level 19. HP: 105/114 MP: 24/28
 31275 | Elf:2    | Paralysed by an air elemental for 1 turns
 31661 | Elf:2    | Found a huge runed translucent gate.
 31661 | Elf:2    | Found a huge runed translucent gate.
 31661 | Elf:2    | Found a huge runed translucent gate.
 31661 | Elf:2    | Found a huge runed translucent gate.
 31661 | Elf:2    | Found a huge runed translucent gate.
 32555 | Elf:2    | Noticed a deep elf blademaster
 32561 | Elf:2    | Killed a deep elf blademaster
 32723 | Elf:3    | Entered Level 3 of the Elven Halls
 32734 | Elf:3    | Noticed Zenata
 32750 | Elf:3    | Killed from afar by Zenata

Illustrated notes

Levels and vault maps discovered:
D:1:      scummos_arrival_forest, layout_basic, hangedman_decor_points,
          minmay_cut_off
D:2:      layout_loops_ring, grunt_decor_clamped, amcnicky_mini_corridor_feature
D:3:      layout_rooms, fedhas_altar_fruit_tree
D:4:      layout_gridville, kennysheep_mini, minmay_temple_entry_butterflies,
          portal_sewer_entry_c, minmay_three_crescents, uniq_natasha
D:5:      layout_rooms, mainiacjoe_overflow_catwalk, roderic_lattice_a
D:6:      layout_loops_ring, makhleb_heckhound_becter
D:7:      layout_loops_ring, kennysheep_okawaru_gauntlet,
          nicolae_dithmenos_through_a_glass_darkly, minmay_misc_feat_ornament,
          minmay_misc_feat_nine_boxes, grunt_ministairs_12
D:8:      layout_layer_cave, dpeg_lair_monsters, serial_park_tiny_1
D:9:      layout_basic, elyvilon_altar_1, lemuel_doored_altar
D:10:     layout_grid_maze, general_overflow_altar,
          kennysheep_orc_monster_closet_entryway, special_room
          [special_room_orc], uniq_erolcha
D:11:     layout_roguey
D:12:     layout_basic
D:13:     cheibrodos_lost_city_excavation, layout_loops_ring,
          hellmonk_vaults_keyhole, lightli_fourway_metalbox
D:14:     layout_basic, chequers_serial_rivers_small_b, uniq_louise
D:15:     hangedman_depths_entry_civil_slaughter, layout_loops_cross,
          serial_bayou, serial_bayou_pond_c, serial_bayou_pond_e,
          serial_bayou_lagoon_a, serial_bayou_pond_e, serial_bayou_ford_a,
          nrook_uturn, zin_purify, uniq_rupert
Temple:   nicolae_temple_figure_eight
Lair:1:   minmay_guarded_unrand_snakebite, layout_chaotic_city
Lair:2:   layout_gridlike, minmay_shoals_entry_beasts,
          hellmonk_ghost_happy_afterlife, gauntlet_entry_generic,
          grunt_megastairs_5, lemuel_fruit_tree, serial_bayou_shore_b
Lair:3:   layout_cave_pods, nicolae_spider_entry_lesser_pyramids,
          gammafunk_ghost_ooze, serial_bayou_shore_b, serial_bayou_shore_b
Lair:4:   layout_cave_pods, nicolae_slime_entry_field_trip
Lair:5:   grunt_lair_end_beastmaster, layout_loops_ring,
          infiniplex_staircase_pool, uniq_snorg
Spider:1: nicolae_spider_hilbert_zone_1 [nicolae_spider_hilbert_4_sides_1_open,
          nicolae_spider_hilbert_4_sides_1_open,
          nicolae_spider_hilbert_4_sides_1_open,
          nicolae_spider_hilbert_4_sides_1_open,
          nicolae_spider_hilbert_3_sides_1_open,
          nicolae_spider_hilbert_3_sides_1_open,
          nicolae_spider_hilbert_3_sides_1_open,
          nicolae_spider_hilbert_3_sides_1_open,
          nicolae_spider_hilbert_3_sides_1_open,
          nicolae_spider_hilbert_6_sides_1_open,
          nicolae_spider_hilbert_6_sides_1_open,
          nicolae_spider_hilbert_3_sides_1_open,
          nicolae_spider_hilbert_3_sides_1_open,
          nicolae_spider_hilbert_3_sides_1_open,
          nicolae_spider_hilbert_3_sides_1_open,
          nicolae_spider_hilbert_2_sides_1_open], spiders_nest_hornet_nest
Spider:2: layout_spider_delve, nicolae_spider_wall_of_niches
Spider:3: layout_spider_delve, nicolae_spider_cling_halls
Spider:4: grunt_spider_rune_parallel, hellmonk_narrow_tunnel
Orc:1:    layout_caves, nicolae_orc_flooded_monolith
Orc:2:    st_orc_ogre_mass, layout_caves, nicolae_volcano_entry_hallway,
          basic_altar
Elf:1:    layout_loops_cross, serial_shops, nicolae_lakefront_shop, shop,
          nicolae_shop_dealshenge, nicolae_take_the_stairs, minivault_28,
          grunt_ministairs_2, st_stairs_10, roderic_roman_lattice, uniq_jorgrun
Elf:2:    elven_hall_of_blades_hangedman_alternative
          [nicolae_blade_entry_sentries_behind_glass], layout_loops_corners,
          fake_guardian_serpent_vault
Elf:3:    minmay_elf_hall, layout_loops_ring, serial_shops, shop,
          corexii_hall_statues_l, uniq_mara, uniq_zenata, uniq_nikola

Skill      XL: |  1  2  3  4  5  6  7  8  9 10 11 12 13 14 15 16 17 18 19 |
---------------+----------------------------------------------------------+-----
Fighting       | 3 4 5 8 9 10 13 16 | 16.7
Ranged Weapons | 7 8 10 14 15 19 20 22 24 | 24.0
Dodging        | 4 5 10 | 10.0
Evocations     | 8 11 12 | 12.0
Armour         | 5 6 11 | 11.3
Invocations    | 6 9 |  9.0
Spellcasting   | 5 6 9 |  9.6
Air Magic      | 5 6 |  6.2
Stealth        | 4 9 |  9.0

Action                     |  1- 3 |  4- 6 |  7- 9 | 10-12 | 13-15 | 16-18 | 19-21 || total
---------------------------+-------+-------+-------+-------+-------+-------+-------++-------
  Melee: Orcbow            |       |       |     4 |     3 |       |       |       ||     7
   Fire: Shortbow          |    77 |    82 |       |       |       |       |       ||   159
         Orcbow            |       |    46 |   179 |   425 |   723 |   962 |    99 ||  2434
 Invoke: Ancestor Life: Kn |       |       |       |     1 |       |       |       ||     1
         Recall Ancestor   |       |       |       |     1 |       |       |     1 ||     2
         Idealise          |       |       |       |       |       |     1 |     1 ||     2
         Transference      |       |       |       |       |       |       |     2 ||     2
  Evoke: Wand              |       |       |       |     2 |     8 |     5 |     3 ||    18
         Tin of tremorston |       |       |       |       |       |     2 |       ||     2
    Use: Scroll            |     5 |     8 |     4 |     8 |    12 |     8 |     1 ||    46
         Potion            |       |     1 |     1 |     2 |     2 |     3 |     1 ||    10
 Armour: Leather armour    |    15 |    62 |    42 |    22 |       |       |       ||   141
         Troll leather arm |       |       |       |    19 |    70 |       |       ||    89
         Ice dragon scales |       |       |       |       |    36 |   378 |    48 ||   462
  Dodge: Dodged            |    22 |    66 |    51 |    59 |   164 |   728 |    42 ||  1132

Table legend: (Time is in decaauts)
 A = Elapsed time spent in this place.
 B = Non-inter-level travel time spent in this place.
 C = Inter-level travel time spent in this place.
 D = Time resting spent in this place.
 E = Time spent auto-exploring this place.
 F = Levels seen in this place.
 G = Mean time per level.
                   A        B        C        D        E       F      G
               +--------+--------+--------+--------+--------+-----+--------+
         Total |  32686 |  30653 |   2033 |   3972 |  22163 |  33 |  990.5 |
       Dungeon |  15735 |  14687 |   1048 |   1106 |  11649 |  15 | 1049.0 |
        Temple |     42 |      1 |     41 |      0 |      0 |   1 |   42.0 |
          Lair |   5355 |   5039 |    316 |    217 |   4106 |   5 | 1071.0 |
   Spider Nest |   6027 |   5541 |    486 |   1543 |   3139 |   4 | 1506.8 |
  Orcish Mines |   1454 |   1384 |     70 |    388 |    733 |   2 |  727.0 |
   Elven Halls |   2675 |   2604 |     71 |    476 |   1794 |   3 |  891.7 |
         Sewer |    235 |    235 |      0 |     83 |    106 |   1 |  235.0 |
       Volcano |    308 |    308 |      0 |      0 |    247 |   1 |  308.0 |
      Gauntlet |    851 |    851 |      0 |    158 |    387 |   1 |  851.0 |
               +--------+--------+--------+--------+--------+-----+--------+

Top non-repeatable levels by time:
Spider:4: 2048 daAuts
Spider:1: 1718 daAuts
    D:10: 1551 daAuts
Spider:3: 1530 daAuts
   Elf:2: 1526 daAuts
     D:8: 1494 daAuts
    D:13: 1438 daAuts
  Lair:5: 1378 daAuts
     D:9: 1296 daAuts
    D:15: 1234 daAuts
  Lair:3: 1153 daAuts
   Elf:1: 1122 daAuts
  Lair:2: 1086 daAuts
     D:6: 1076 daAuts
     D:1: 1074 daAuts
